 Dungeon Crawl Stone Soup version 0.30-a0-424-g7412bad402 (webtiles) character file.

Game seed: 13049944068826436655

378 cforsyth the Trooper (level 6, 48/48 (56) HPs)
             Began as a Minotaur Berserker on Dec 10, 2022.
             Was a Priest of Trog.
             Quit the game on level 4 of the Dungeon.
             The game lasted 00:05:43 (3288 turns).

cforsyth the Trooper (Minotaur Berserker)           Turns: 3288, Time: 00:05:43

HP:   48/48 (56)    AC:  9    Str: 24    XL:     6   Next: 45%
MP:   5/5           EV: 10    Int:  4    God:    Trog [***...]
Gold: 136           SH:  7    Dex: 15    Spells: 5/5 levels left

rFire   . . .      SeeInvis .    a - +0 spear
rCold   . . .      Faith    .    g - +0 kite shield
rNeg    . . .      Spirit   .    s - +0 scale mail
rPois   .          Reflect  .    (helmet restricted)
rElec   .          Harm     .    j - +0 cloak
rCorr   .          Rampage  .    d - +0 pair of gloves
Will    .....                    (no boots)
Stlth   ..........               (no amulet)
HPRegen 0.28/turn                o - +6 ring of dexterity
MPRegen 0.09/turn                (no ring)

@: heavily drained
A: horns 2, retaliatory headbutt
a: Renounce Religion, Berserk, Trog's Hand


You were on level 4 of the Dungeon.
You worshipped Trog.
Trog was most pleased with you.
You visited 1 branch of the dungeon, and saw 4 of its levels.

You collected 136 gold pieces.

Inventory:

Hand Weapons
 a - a +0 spear (weapon)
Armour
 b - a +0 animal skin
 c - a scarf of repulsion
 d - a +0 pair of gloves (worn)
 g - a +0 kite shield (worn)
 j - a +0 cloak (worn)
 s - a +0 scale mail (worn)
Jewellery
 o - a +6 ring of dexterity (left hand)
Scrolls
 e - 4 scrolls of identify {unknown}
 h - a scroll of teleportation {unknown}
 i - 3 scrolls of poison {unknown}
 k - a scroll of enchant weapon {unknown}
 p - a scroll of enchant armour {unknown}
 q - a scroll of noise {unknown}
 r - 2 scrolls of magic mapping {unknown}
Potions
 f - a potion of curing {unknown}
 l - a potion of lignification {unknown}
 m - a potion of attraction {unknown}
 n - a potion of resistance {unknown}


   Skills:
 + Level 5.3 Fighting
 + Level 5.3 Polearms
 + Level 4.6 Armour
 + Level 4.2 Dodging


You had 5 spell levels left.
You didn't know any spells.
Your spell library was empty.

Dungeon Overview and Level Annotations

Branches:
Dungeon (4/15)
 Temple: D:4-7

Altars:
Cheibriados
Kikubaaqudgha
Sif Muna
Wu Jian
Lugonu

Portals:
Abyss: D:3


Innate Abilities, Weirdness & Mutations

You have a pair of horns on your head.
You reflexively headbutt those who attack you in melee.


Message History

Trog accepts your kill.
Trog appreciates your killing of a magic user.
Reactivating autopickup.
You feel a bit more experienced. The orc barely misses you.
The kobold barely misses you.
You are no longer berserk.
You are exhausted.
You feel yourself slow down.
Unknown command.
The kobold closely misses you. The orc hits you with a +0 falchion.
The orc hits you with a +0 falchion! The kobold barely misses you.
You see here a +0 flail.
Unknown command.
You barely miss the orc. Your headbutt misses the orc.
You feel less confused. The kobold barely misses you.
You block the orc's attack.
You barely miss the orc. Your headbutt misses the orc.
The kobold closely misses you. The orc closely misses you.
You furiously retaliate!
You headbutt the orc. The kobold closely misses you.
The orc hits you but does no damage.
You hit the orc.
You kill the orc!
Trog accepts your kill. You block the kobold's attack.
The kobold hits you with a +0 short sword.
The kobold hits you but does no damage.
You see here a +0 falchion.
You hit the kobold. You headbutt the kobold.
You kill the kobold!
Trog accepts your kill.
Things that are here:
a +0 short sword; 3 stones; a kobold corpse You feel yourself speed up.
You recover from your berserk rage.
Things that are here:
a +0 dagger of draining; a +0 robe; an orc corpse Assign waypoint to what number? (0-9)
Okay, then.
Unknown command.
Are you sure you want to abandon this character and quit the game? (Confirm with "yes".)

#.# #......#^.. #.#
###### #.....##...
#.# #....#
#.....##).. #.#
#....###########...
#.# #..........
#### #.#
#.......... #.#
#†)........
##.###..........
#....')@........
######))........
#....##### ######


There were no monsters in sight!

Vanquished Creatures
  A centaur (D:4)
  2 orc priests (D:3)
  An iguana (D:4)
  An orc wizard (D:4)
  Natasha (D:2)
  5 adders
  2 adder zombies (D:2)
  2 worms
  3 dart slugs
  12 orcs
  6 ball pythons
  A bat zombie (D:2)
  4 endoplasms
  4 giant cockroaches
  9 goblins
  6 hobgoblins
  3 quokkas
  A ball python skeleton (D:2)
  7 bats
  3 frilled lizards
  16 kobolds
  2 quokka skeletons (D:2)
  4 rats
96 creatures vanquished.

Vanquished Creatures (others)
  15 withered plants (D:2)
15 creatures vanquished.

Grand Total: 111 creatures vanquished

Notes
Turn   | Place    | Note
-------+----------+-------------------------------------------
     0 | D:1      | cforsyth the Minotaur Berserker began the quest for the
                  | Orb.
     0 | D:1      | Reached XP level 1. HP: 19/19 MP: 0/0
   109 | D:1      | Reached XP level 2. HP: 26/27 MP: 1/1
   383 | D:1      | Reached ** piety under Trog
   839 | D:2      | Reached XP level 3. HP: 33/33 MP: 2/2
  1131 | D:2      | Found an ornate altar of the Wu Jian Council.
  1480 | D:2      | Noticed Natasha
  1482 | D:2      | Found the +4 dagger "Morg" {pain, Will+ Int+5}
  1499 | D:2      | Killed Natasha
  1500 | D:2      | Reached XP level 4. HP: 26/41 MP: 3/3
  1733 | D:3      | Reached XP level 5. HP: 32/47 MP: 4/4
  1926 | D:3      | Reached *** piety under Trog
  2414 | D:3      | Found a snail-covered altar of Cheibriados.
  2415 | D:3      | Found a shimmering blue altar of Sif Muna.
  2443 | D:3      | Found an ancient bone altar of Kikubaaqudgha.
  2474 | D:3      | Found a large runed translucent door.
  2475 | D:3      | Found a large runed translucent door.
  2475 | D:3      | Found a corrupted altar of Lugonu.
  2510 | D:3      | Found a one-way gate to the infinite horrors of the Abyss.
  2533 | D:3      | Reached skill level 5 in Fighting
  2533 | D:3      | Reached skill level 5 in Polearms
  2962 | D:4      | Reached XP level 6. HP: 47/56 MP: 5/5
  3288 | D:4      | Quit the game

Illustrated notes

Levels and vault maps discovered:
D:1:      lightli_arrival_maybe_door_vault, layout_loops_cross
D:2:      minmay_general_purpose_star, layout_basic, basic_altar,
          dilly_guarded_unrand_morg
D:3:      due_chaos_kobolds, layout_loops_ring, gammafunk_temple_overflow_claw
D:4:      layout_basic, minmay_quadrilaterals

Skill      XL: |  1  2  3  4  5  6 |
---------------+-------------------+-----
Fighting       | 4 5 |  5.3
Polearms       | 4 5 |  5.3
Armour         | 3 4 |  4.6
Dodging        | 3 4 |  4.2

Action                   |  1- 3 |  4- 6 || total
-------------------------+-------+-------++-------
Melee: Spear             |   107 |   142 ||   249
       Headbutt          |    14 |    22 ||    36
Invok: Berserk           |       |     2 ||     2
 Stab: Sleeping          |       |     5 ||     5
Armor: Animal skin       |    17 |    16 ||    33
       Scale mail        |       |    14 ||    14
Dodge: Dodged            |    36 |    60 ||    96
Block: Kite shield       |    15 |    43 ||    58

Table legend: (Time is in decaauts)
 A = Elapsed time spent in this place.
 B = Non-inter-level travel time spent in this place.
 C = Inter-level travel time spent in this place.
 D = Time resting spent in this place.
 E = Time spent auto-exploring this place.
 F = Levels seen in this place.
 G = Mean time per level.
                   A        B        C        D        E       F      G
               +--------+--------+--------+--------+--------+-----+--------+
         Total |   3323 |   3178 |    145 |     40 |   2570 |   4 |  830.8 |
       Dungeon |   3323 |   3178 |    145 |     40 |   2570 |   4 |  830.8 |
               +--------+--------+--------+--------+--------+-----+--------+

Top non-repeatable levels by time:
     D:3: 1166 daAuts
     D:2: 974 daAuts
     D:1: 744 daAuts
     D:4: 437 daAuts
